Map: Overgrowth LE (Void)

Players

Skikky

  • Race: Terran Terran
  • League: Diamond
  • Spawn Location: 1:00

Musumeci - Winner!

  • Race: Zerg Zerg
  • League: Diamond
  • Spawn Location: 7:00

VOD

Have the link to the VOD?

Description

Time

  • Played on: Jan. 8, 2017, 12:50 p.m.
  • Length: 13:55
Show
View Real Time Build Order
Export as new Build Order

Skikky Terran 

Build Orders: Reaper Expand, MMM Bio 

Get SALT Encoding   

  12  0:01  SCV  
  13  0:13  SCV  
  14  0:18  Supply Depot  
  14  0:25  SCV  
  15  0:40  SCV  
  15  0:41  Barracks  
  16  0:44  Refinery  
  16  0:52  SCV  
  17  1:04  SCV  
  18  1:16  SCV  
  19  1:28  Reaper  
  19  1:30  Orbital Command  
  20  1:38  Command Center  
  20  1:48  Barracks  
  20  1:59  SCV, Supply Depot  
  21  2:03  Barracks Reactor  
  21  2:11  Refinery  
  21  2:13  SCV  
  22  2:25  SCV  
  23  2:30  Factory  
  23  2:38  SCV  
  24  2:46  Marine, Barracks Tech Lab  
  24  2:47  Marine  
  24  2:50  SCV  
  27  3:04  Orbital Command, SCV, Marine x2  
  30  3:14  Marine  
  30  3:17  Stimpack  
  31  3:21  Starport  
  31  3:22  Marine, Factory Reactor  
  32  3:27  SCV  
  33  3:34  SCV  
  33  3:38  Marine  
  33  3:39  Marine  
  36  3:44  SCV  
  36  3:47  Marine  
  38  3:48  SCV  
  38  3:55  Supply Depot  
  39  3:57  Marine  
  39  4:01  SCV  
  39  4:02  SCV  
  43  4:07  Supply Depot  
  43  4:09  Medivac  
  46  4:12  Medivac  
  46  4:16  SCV x2, Marine x3  
  51  4:28  SCV x2  
  53  4:33  Barracks  
  53  4:34  Marine x2, Supply Depot  
  53  4:35  Marine  
  56  4:40  SCV x2  
  58  4:53  Marine x2  
  60  5:00  Supply Depot  
  60  5:01  Marine  
  60  5:04  Engineering Bay  
  60  5:05  SCV x2, Engineering Bay  
  63  5:10  Command Center  
  63  5:14  Marine x2  
  63  5:17  SCV  
  63  5:18  SCV, Combat Shields  
  67  5:29  Refinery  
  67  5:30  SCV x2, Refinery  
  59  6:10  Marine  
  59  6:11  Marine x3  
  59  6:12  Medivac x2  
  59  6:29  Marauder  
  59  6:38  Marine x2  
  59  6:39  Barracks Tech Lab  
  60  6:43  Barracks, Terran Infantry Armor Level 1, Terran Infantry Weapons Level 1  
  60  6:44  Barracks  
  60  6:45  Barracks  
  60  6:48  Barracks x2  
  60  6:54  Marine  
  60  6:56  Marine  
  62  7:03  Concussive Shells  
  62  7:04  Medivac x2  
  62  7:05  Armory, Marine x2  
  68  7:08  SCV  
  68  7:09  SCV  
  68  7:13  Marauder  
  72  7:19  Marine  
  72  7:21  SCV  
  74  7:22  Orbital Command  
  74  7:23  Marauder, Marine  
  74  7:26  SCV  
  78  7:31  Barracks Reactor  
  78  7:32  Barracks Reactor  
  78  7:33  Barracks Reactor, SCV, Marine  
  78  7:34  Barracks Tech Lab  
  78  7:35  Barracks Reactor  
  80  7:39  SCV  
  81  7:45  Marauder, SCV  
  81  7:49  Supply Depot  
  81  7:51  SCV, Marine x3  
  85  7:57  SCV  
  88  8:02  Marine  
  88  8:03  SCV, Medivac  
  92  8:06  Marine, Terran Ship Weapons Level 1  
  92  8:09  Marine  
  92  8:10  Marauder, Medivac, Supply Depot x2  
  98  8:15  SCV x2  
  98  8:16  SCV  
  101  8:24  Barracks  
  101  8:25  Barracks, Marine x7, Supply Depot x2  
  101  8:26  Marine  
  109  8:30  Command Center  
  109  8:31  SCV x2, Marine x2  
  109  8:32  Marauder x2, SCV, Supply Depot  
  109  8:34  Supply Depot  
  118  8:36  Supply Depot  
  118  8:43  SCV  
  118  8:47  Marine x4  
  118  8:48  Marine  
  124  8:55  Liberator x2  
  124  8:57  Marine x3  
  124  8:58  Marauder, Marine x2  
  124  9:00  SCV x3  
  134  9:09  Refinery  
  134  9:10  Refinery  
  134  9:11  Marine x4  
  134  9:12  Marauder x2, SCV, Marine  
  134  9:15  Barracks Tech Lab  
  134  9:16  Barracks Tech Lab  
  150  9:29  Supply Depot x2  
  150  9:31  SCV  
  150  9:32  SCV, Supply Depot x2  
  152  9:38  SCV  
  152  9:44  SCV x2  
  155  9:49  Terran Infantry Weapons Level 2, Terran Infantry Armor Level 2  
  155  10:01  Marine x6  
  155  10:02  Marauder x4, Marine x4  
  155  10:03  Marauder  
  155  10:04  Terran Ship Weapons Level 2  
  175  10:11  Starport  
  175  10:21  Marine x3  
  175  10:22  Marine x5  
  175  10:23  Marauder  
  175  10:24  Marauder x3  
  190  10:39  Marine x5  
  190  10:40  Marauder  
  196  10:45  Marauder  
  189  11:02  Marine x3  
  189  11:03  Marauder x2, Marine x4  
  190  11:17  Command Center  
  183  11:18  Marine x3  
  183  11:19  Marauder x2, Marine  
  183  11:20  Marine  
  183  11:25  Marauder x2  
  186  11:32  Command Center  
  186  11:34  Command Center  
  186  11:36  Marine x4  
  186  11:37  Marauder, Marine x2  
  194  11:40  Marauder, Starport Reactor  
  127  12:12  Marine  
  127  12:13  Marauder x2, Marine x2  
  127  12:17  Liberator x2  
  87  12:31  Marine x2  
  87  12:32  Marauder x3, Marine x7  
  87  12:33  Marine  
  87  12:34  Liberator  
  87  12:35  Marauder x2  
  102  12:49  Marine x2  
  107  12:54  Marauder x3  
  107  12:56  Marauder x2  
  108  13:16  Marine x6  
  108  13:17  Marauder x4, Marine x2  
  75  13:35  SCV x2  
Show
View Real Time Build Order
Export as new Build Order

Musumeci Zerg - Winner!

Build Orders: Hatch First 

Get SALT Encoding   

  12  0:01  Drone  
  13  0:08  Drone  
  14  0:16  Drone, Extractor  
  15  0:40  Hatchery  
  14  0:45  Extractor  
  14  0:46  Drone  
  15  0:59  Spawning Pool  
  14  1:10  Drone, Extractor x2  
  13  1:11  Drone  
  13  1:16  Overlord  
  16  1:34  Drone x2  
  18  1:42  Drone  
  18  1:46  Queen  
  21  1:51  Queen  
  21  1:53  Drone  
  24  1:56  Drone  
  25  2:03  Overlord  
  25  2:10  Drone  
  26  2:22  Queen  
  26  2:27  Queen, Overlord  
  30  2:32  Drone, Extractor  
  30  2:33  Drone  
  31  2:43  Drone x3  
  34  2:55  Drone x2  
  36  3:03  Drone x5  
  41  3:14  Drone x3  
  43  3:20  Drone  
  43  3:24  Extractor  
  43  3:25  Drone  
  43  3:26  Drone, Extractor  
  44  3:27  Roach Warren  
  43  3:34  Drone  
  44  4:02  Evolution Chamber  
  43  4:03  Drone  
  43  4:04  Evolution Chamber  
  43  4:05  Drone  
  44  4:10  Overlord  
  44  4:12  Hatchery, Overlord  
  44  4:13  Overlord  
  43  4:18  Extractor  
  43  4:20  Lair, Extractor  
  43  4:21  Roach  
  43  4:28  Roach x3  
  49  4:34  Roach  
  51  4:42  Drone x2  
  51  4:43  Drone x2  
  55  4:45  Drone  
  55  4:46  Drone x2  
  55  4:48  Zerg Missile Weapons Level 1  
  58  4:56  Roach  
  58  4:57  Roach x3  
  66  5:03  Drone x2  
  68  5:13  Spore Crawler  
  67  5:14  Spore Crawler  
  67  5:15  Spore Crawler  
  67  5:18  Drone x4, Spore Crawler  
  67  5:21  Glial Reconstitution  
  68  5:27  Extractor  
  59  5:37  Roach x3  
  63  5:45  Queen  
  65  5:51  Overlord x3  
  59  6:04  Queen  
  56  6:14  Ravager  
  56  6:15  Roach x2  
  56  6:16  Roach x7  
  75  6:23  Ravager  
  76  6:54  Drone x6  
  82  7:06  Overlord x4  
  82  7:07  Zerg Missile Weapons Level 2, Overlord  
  82  7:08  Zerg Ground Armor Level 1  
  82  7:26  Roach x6  
  82  7:28  Ravager x3  
  97  7:41  Drone x10  
  107  7:45  Extractor  
  106  8:07  Roach  
  106  8:08  Roach x3  
  106  8:09  Overlord x3  
  106  8:10  Overlord  
  114  8:29  Drone  
  115  8:38  Roach x2  
  115  8:39  Roach, Ravager  
  115  8:40  Ravager x4  
  126  8:41  Hatchery  
  125  8:57  Drone x3  
  125  8:58  Drone  
  129  9:17  Drone  
  129  9:22  Roach  
  129  9:23  Roach x4, Overlord  
  129  9:24  Overlord x3  
  140  9:27  Ravager x6  
  146  9:45  Zerg Ground Armor Level 2  
  146  9:49  Infestation Pit  
  146  9:52  Roach x9  
  171  9:53  Roach x9  
  171  9:58  Ravager x3  
  184  10:09  Overlord x4, Extractor  
  184  10:10  Extractor  
  180  10:39  Drone  
  180  10:40  Drone x2  
  180  10:41  Drone  
  180  10:42  Drone x2  
  179  11:16  Roach x9  
  179  11:17  Roach x4  
  193  11:29  Hive  
  190  11:35  Drone x3  
  193  11:48  Roach  
  193  11:49  Roach x6  
  170  12:02  Roach x13  
  170  12:04  Ravager x4  
  174  12:39  Ravager x10  
  174  12:41  Ravager x2  
  174  12:42  Ravager x5  
  174  12:43  Roach x7  
  168  13:35  Roach  
  168  13:36  Roach x9  
Tags
 
Add a new tag
Caveats
  • Supply blocks, unpowered buildings, or Contaminate may cause inaccurate times.
  • Supply counts are checked every 10 seconds.